Build Orders - Match 35257986 - cohdb - Company of Heroes 3 Replays
cohdb
Replays
Latest Replays
All Replays
Popular Replays
Top Player Replays
Match Explorer
How It Works
Community
CoH3 Stats
Reddit
Sign in to upload your games and track your stats! →
Sign in with Steam
Match 35257986
Unlisted
Match 35257986
Overview
Messages
Build Orders
End
Royal Engineer Section
Construct Section Command Post
Infantry Section
Infantry Section
Infantry Section
Selects Air and Sea Battlegroup
Selects Supply Surplus
Construct Field Infirmary
Construct Platoon Command Post
Construct Resource Cache
6-pounder Anti-tank Gun Team
Infantry Section
Construct Company Command Post
Construct Resource Cache
Matilda II Heavy Tank
Selects Commando Section Paradrop
Selects Commando Support Section Paradrop
Grenade Package
Infantry Training
Unlock M3 Grant Medium Tanks
Commando Support Section Paradrop
M3 Grant Medium Tank
M3 Grant Medium Tank
Selects Anti-tank Rocket Loiter
Anti-tank Rocket Loiter
Royal Engineer Section
6-pounder Anti-tank Gun Team
M3 Grant Medium Tank
Anti-tank Rocket Loiter
Septimum
연합은사기다
nub
FutureNP
0
0
Comments
sign in to comment!
No comments posted yet!